 Dungeon Crawl Stone Soup version 0.29-a0-284-gf9362112df (webtiles) character file.

Game seed: 4502098273458854888

363 sammy202020 the Sneak (level 6, -2/42 HPs)
             Began as an Octopode Brigand on Mar 14, 2022.
             Was an Initiate of Dithmenos.
             Slain by a goblin
             ... wielding a +0 club
             ... led by Robin
              (6 damage)
             ... on level 3 of the Dungeon.
             The game lasted 00:04:48 (2175 turns).

sammy202020 the Sneak (Octopode Brigand)            Turns: 2175, Time: 00:04:49

Health: -2/42      AC:  1    Str: 11    XL:     6   Next: 67%
Magic:  6/6        EV: 15    Int: 13    God:    Dithmenos [......]
Gold:   99         SH:  0    Dex: 27    Spells: 5/5 levels left

rFire   . . .      SeeInvis .   i - +0 rapier
rCold   . . .      Faith    .   (no shield)
rNeg    . . .      Spirit   .   (helmet restricted)
rPois   .          Reflect  .   (no amulet)
rElec   .          Harm     .   e - +6 ring of dexterity
rCorr   .          Rampage  .   j - +6 ring of dexterity
Will    .....                   (no ring)
Stlth   +++++.....              (no ring)
HPRegen 0.14/turn               (no ring)
MPRegen 0.10/turn               (no ring)
                                (no ring)
                                (no ring)

@: no status effects
A: almost no armour, amphibious, 8 rings, camouflage 1, gelatinous body 1,
(nimble swimmer 1), tentacles
a: Renounce Religion


You were on level 3 of the Dungeon.
You worshipped Dithmenos.
Dithmenos was noncommittal.
You visited 1 branch of the dungeon, and saw 3 of its levels.

You collected 99 gold pieces.

Inventory:

Hand Weapons
 a - a +2 dagger
 i - a +0 rapier (weapon)
Missiles
 b - 18 poisoned darts (quivered)
 c - 3 curare-tipped darts
Jewellery
 e - a +6 ring of dexterity (left tentacle)
 j - a +6 ring of dexterity (right tentacle)
Wands
 q - a wand of flame (13)
Scrolls
 f - 2 scrolls of identify
 g - a scroll of enchant weapon {unknown}
 l - a scroll of fear {unknown}
 o - 2 scrolls of immolation {unknown}
Potions
 d - a potion of magic
 h - a potion of degeneration
 k - a potion of haste
 m - a potion of flight {unknown}
 n - a potion of curing {unknown}
 p - a potion of heal wounds {unknown}


   Skills:
 * Level 3.6 Fighting
 * Level 3.6 Short Blades
 - Level 2.0 Throwing
 * Level 3.0 Dodging
 * Level 7.0 Stealth
 + Level 1.7 Unarmed Combat


You had 5 spell levels left.
You didn't know any spells.
Your spell library was empty.

Dungeon Overview and Level Annotations

Branches:
Dungeon (3/15)

Altars:
Dithmenos
Vehumet

Annotations:
D:3 Robin


Innate Abilities, Weirdness & Mutations

You cannot wear most types of armour.
You are amphibious.
You can wear up to eight rings at the same time.
Your skin changes colour to match your surroundings (Stealth+).
Your rubbery body absorbs attacks. (AC +1, EV +1)
((You are camouflaged when in or above water. (Stealth+)))
You have tentacles for arms and can constrict up to eight enemies at once.


Message History

The goblin hits you with a +0 club. The goblin closely misses you. x2
You puncture the goblin!
You kill the goblin!
Dithmenos accepts your kill. Robin throws the goblin at you!
The goblin hits you with a +0 club. The goblin hits you with a +0 dagger.
Robin roars a battlecry!
The goblins go into a battle-frenzy!
The goblin barely misses you. The goblin closely misses you.
Things that are here:
a +0 club; a +0 club; a goblin corpse The goblin barely misses you.
The goblin attacks as you move away! The goblin closely misses you.
The goblin attacks as you move away! The goblin completely misses you.
Robin throws the goblin at you! The goblin barely misses you.
You barely miss the goblin. You grab the goblin. You constrict the goblin.
The goblin misses you. The goblin hits you with a +0 club!
You puncture the goblin!
You kill the goblin!
Dithmenos accepts your kill. The goblin barely misses you.
The goblin closely misses you.
You closely miss the goblin. Your grab misses the goblin.
Your squeeze misses the goblin. Robin throws the goblin at you!
The goblin closely misses you. x3
You puncture the goblin!
You kill the goblin!
Dithmenos accepts your kill. The goblin closely misses you.
The goblin barely misses you.
You hit the goblin but do no damage. Your grab misses the goblin.
Your squeeze misses the goblin. Robin throws the goblin at you!
The goblin hits you but does no damage. The goblin misses you.
The goblin barely misses you.
You hit the goblin. Your grab misses the goblin.
The goblin is severely wounded.
The goblin closely misses you. The goblin hits you with a +0 club.
* * * LOW HITPOINT WARNING * * *
The goblin barely misses you. The goblin hits you with a +0 club!
* * * LOW HITPOINT WARNING * * *
The goblin hits you with a +0 club.
You die...

#....####..##..#....#
#.......##.###.!.#.##
..#####.##..###)...#
### #..#......#..####
## ##.....#..#.>....
.###
#####...........#
...#### ####g#g.....#
##....## #gg#.#####
####..# ##@#.#
##.#########g#)#
#........##...#
####)....##..##
#......#..#
#########.........#
..............##.###
......<.......#....#
.########.....#....#


You could see Robin, a hobgoblin (strong) and 3 goblins.

Vanquished Creatures
  Grinder (D:3)
  A scorpion (D:2)
  An adder (D:3)
  4 worms
  A dart slug (D:3)
  9 orcs (D:3)
  7 ball pythons
  4 endoplasms
  6 giant cockroaches
  10 goblins
  4 hobgoblins
  4 kobolds
  2 quokkas
  5 bats
  5 frilled lizards
  4 rats
68 creatures vanquished.

Notes
Turn   | Place    | Note
-------+----------+-------------------------------------------
     0 | D:1      | sammy202020 the Octopode Brigand began the quest for the
                  | Orb.
     0 | D:1      | Reached XP level 1. HP: 14/14 MP: 1/1
   253 | D:1      | Reached XP level 2. HP: 19/19 MP: 2/2
   771 | D:1      | Reached XP level 3. HP: 23/25 MP: 3/3
   793 | D:1      | Found a faded altar of an unknown god.
  1016 | D:2      | Noticed a scorpion
  1022 | D:2      | Killed a scorpion
  1023 | D:2      | Reached skill level 6 in Stealth
  1023 | D:2      | Reached skill level 1 in Unarmed Combat
  1023 | D:2      | Reached XP level 4. HP: 19/30 MP: 4/4
  1558 | D:3      | Noticed Grinder
  1565 | D:3      | Killed Grinder
  1566 | D:3      | Reached XP level 5. HP: 36/36 MP: 5/5
  1566 | D:3      | Reached XP level 6. HP: 42/42 MP: 6/6
  1596 | D:3      | Found a shadowy altar of Dithmenos.
  1608 | D:3      | Became a worshipper of Dithmenos the Shadowed
  1761 | D:3      | Reached skill level 7 in Stealth
  2109 | D:3      | Found a radiant altar of Vehumet.
  2155 | D:3      | Noticed Robin
  2175 | D:3      | Slain by a goblin

Illustrated notes

Levels and vault maps discovered:
D:1:      dpeg_arrival_central, layout_rooms,
          shapermc_ecumenical_altar_acropolis, minmay_worlds_worst_comb
D:2:      layout_rooms
D:3:      layout_rooms, mainiacjoe_overflow_six_doors_small,
          vehumet_altar_wand_db, uniq_robin, uniq_grinder

Skill      XL: |  1  2  3  4  5  6 |
---------------+-------------------+-----
Dodging        | 2 3 |  3.0
Stealth        | 6 7 |  7.0
Unarmed Combat | 1 |  1.7
Fighting       | 3 |  3.6
Short Blades   | 3 |  3.6
Throwing       | |  2.0

Action                   |  1- 3 |  4- 6 || total
-------------------------+-------+-------++-------
Melee: Dagger            |    14 |       ||    14
       Tentacles         |     6 |     9 ||    15
       Rapier            |    28 |    62 ||    90
       Constrict         |     6 |    14 ||    20
       Punch             |       |     3 ||     3
  Use: Scroll            |       |     6 ||     6
 Stab: Sleeping          |    20 |     7 ||    27
Armor: Skin              |     4 |     6 ||    10
Dodge: Dodged            |    11 |    46 ||    57

Table legend: (Time is in decaauts)
 A = Elapsed time spent in this place.
 B = Non-inter-level travel time spent in this place.
 C = Inter-level travel time spent in this place.
 D = Time resting spent in this place.
 E = Time spent auto-exploring this place.
 F = Levels seen in this place.
 G = Mean time per level.
                   A        B        C        D        E       F      G
               +--------+--------+--------+--------+--------+-----+--------+
         Total |   2175 |   2151 |     24 |      0 |   1660 |   3 |  725.0 |
       Dungeon |   2175 |   2151 |     24 |      0 |   1660 |   3 |  725.0 |
               +--------+--------+--------+--------+--------+-----+--------+

Top non-repeatable levels by time:
     D:1: 837 daAuts
     D:3: 782 daAuts
     D:2: 556 daAuts
